 Dungeon Crawl Stone Soup version 0.23-a0-419-g0174fd8 (webtiles) character file.

23 wilfster70 the Skirmisher (level 2, 26/26 HPs)
             Began as a Ghoul Fighter on Nov 12, 2018.
             Quit the game on level 1 of the Dungeon.
             The game lasted 00:03:19 (572 turns).

wilfster70 the Skirmisher (Ghoul Fighter)            Turns: 572, Time: 00:03:20

Health: 26/26      AC: 11    Str: 19    XL:     2   Next: 95%
Magic:  1/1        EV:  3    Int:  3    God:
Gold:   71         SH:  8    Dex:  8    Spells: 1/1 levels left

rFire    . . .     SeeInvis .     - Unarmed
rCold    + . .     Gourm    .   b - +0 shield
rNeg     + + +     Faith    .   g - +0 plate armour
rPois    ∞         Spirit   .   (no helmet)
rElec    .         Reflect  .   (no cloak)
rCorr    .         Harm     .   (no gloves)
MR       .....                  (no boots)
Stlth    ..........             (no amulet)
HPRegen  0.08/turn              (no ring)
MPRegen  0.07/turn              (no ring)

@: rotting
A: rotting body, claws 1, carnivore, cold resistance 1, negative energy
resistance 3, inhibited regeneration, torment resistance, unbreathing
a: no special abilities


You were on level 1 of the Dungeon.
You were not hungry.

You visited 1 branch of the dungeon, and saw 1 of its levels.

You collected 71 gold pieces.

Inventory:

Armour
 b - a +0 shield (worn)
 g - a +0 plate armour (worn)
Scrolls
 e - a scroll of teleportation {unknown}
 f - a scroll of identify {unknown}
 h - a scroll of enchant weapon {unknown}
 i - a scroll of magic mapping {unknown}
 j - a scroll of random uselessness {unknown}
 k - a scroll of fog {unknown}
Potions
 a - a potion of flight {unknown}
 c - a potion of might
 l - 2 potions of resistance {unknown}
Comestibles
 d - 2 rations


   Skills:
 + Level 3.5 Fighting
 + Level 2.9 Armour
 + Level 2.9 Shields
 * Level 2.8 Unarmed Combat


You had one spell level left.
You didn't know any spells.
Your spell library was empty.

Dungeon Overview and Level Annotations

Branches:
Dungeon (1/15)

Altars:


Innate Abilities, Weirdness & Mutations

Your body is rotting away.
You thrive on raw meat.
You are immune to poison.
You have sharp fingernails.
You are carnivorous and can eat meat at any time.
Your flesh is cold resistant. (rC+)
You are immune to negative energy. (rN+++)
You do not regenerate when monsters are visible.
You are immune to unholy pain and torment.
You can survive without breathing.


Message History

You block the bat's attack. The bat hits you but does no damage.
You scratch the bat.
The bat is moderately wounded.
You block the bat's attack.
You closely miss the bat.
The bat is moderately wounded.
The bat hits you but does no damage. The bat completely misses you.
The bat hits you but does no damage. The bat barely misses you.
You scratch the bat.
The bat is severely wounded.
The bat hits you.
You claw the bat!
You kill the bat!
No target in view!
a - a fuming inky potion You open the door.
There is an open door here.
Are you sure you want to abandon this character and quit the game? (Confirm

#.. #.# #.#
##############.#+####+
#............#.....[..
#.....................
#....@................
#.....................
#............#.#+####.
#..............#.####.
##...............#....
#.######........#....
##'#......#...........
#............#........
#............#...>....


There were no monsters in sight!

Vanquished Creatures
  2 dart slugs (D:1)
  3 bats (D:1)
  3 hobgoblins (D:1)
  A jackal (D:1)
  2 kobolds (D:1)
  A ball python (D:1)
  2 frilled lizards (D:1)
  2 goblins (D:1)
  4 rats (D:1)
20 creatures vanquished.

Notes
Turn   | Place    | Note
-------+----------+-------------------------------------------
     0 | D:1      | wilfster70 the Ghoul Fighter began the quest for the Orb.
     0 | D:1      | Reached XP level 1. HP: 19/19 MP: 0/0
   176 | D:1      | Reached XP level 2. HP: 25/25 MP: 1/1
   572 | D:1      | Quit the game

Vault maps used:
D:1:      lightli_arrival_statuegarden, minmay_pentomino_w4

Action                   || total
-------------------------++-------
Melee: Unarmed           ||    71
  Eat: Chunk             ||    18
Armor: Scale mail        ||    11
       Plate armour      ||    33
Dodge: Dodged            ||    18
Block: Shield            ||    38

Table legend:
 A = Non-vault XP
 B = Vault XP
 C = Vault XP percentage of total XP
 D = Non-vault monster count
 E = Vault monster count
 F = Vault count percentage of total count
                 A         B        C        D         E       F
            +---------+---------+-------+---------+---------+-------
      Total |      23 |      10 |  30.3 |      14 |       6 |  30.0
            +---------+---------+-------+---------+---------+-------
        D:1 |      23 |      10 |  30.3 |      14 |       6 |  30.0
            +---------+---------+-------+---------+---------+-------
